 Dungeon Crawl Stone Soup version 0.21-a0-171-g0f4a3b6 (webtiles) character file.

2890 codm the Spear-Bearer (level 9, -4/67 HPs)
             Began as an Octopode Fighter on Aug 7, 2017.
             Was a Believer of Ashenzari.
             Slain by a killer bee (8 damage)
             ... on level 6 of the Dungeon.
             The game lasted 00:10:32 (7075 turns).

codm the Spear-Bearer (Octopode Fighter)            Turns: 7075, Time: 00:10:32

Health: -4/67      AC:  1    Str: 16    XL:     9   Next: 77%
Magic:  9/9        EV: 14    Int: 10    God:    Ashenzari [**....]
Gold:   384        SH: 12    Dex: 14    Spells: 2/8 levels left

rFire    . . .     SeeInvis .   a - +2 trident (curse)
rCold    . . .     Gourm    .   b - +1 shield (curse)
rNeg     . . .     Faith    .   (helmet restricted)
rPois    .         Spirit   .   d - amulet of regeneration (curse)
rElec    .         Reflect  .   (no ring)
rCorr    .         Harm     .   (no ring)
MR       .....                  (no ring)
Stlth    ++........             (no ring)
HPRegen  0.61/turn              (no ring)
MPRegen  0.11/turn              (no ring)
                                (no ring)
                                (no ring)

@: berserk cooldown, slowed, very slow
A: almost no armour, stealthy swim, amphibious, 8 rings, constrict 8, camouflage
1, robust 1, gelatinous body 1
a: Curse Item, Scrying, Renounce Religion


You were on level 6 of the Dungeon.
You worshipped Ashenzari.
Ashenzari was pleased with you.
You were not hungry.

You visited 1 branch of the dungeon, and saw 8 of its levels.

You collected 384 gold pieces.

Inventory:

Hand Weapons
 a - a cursed +2 trident (weapon)
Armour
 b - a cursed +1 shield (worn)
Jewellery
 d - a cursed amulet of regeneration (around mantle)
Wands
 i - a wand of paralysis (16/24)
 r - a wand of disintegration (11/24)
Scrolls
 f - 5 scrolls of teleportation
 n - a scroll of fear
 p - 3 scrolls of remove curse
Potions
 c - a potion of magic
 e - 3 potions of curing
 g - 3 potions of agility
 j - a potion of cancellation
 o - a potion of haste
 q - a potion of degeneration
Books
 k - a book of Transfigurations

   Spells                             Type                      Level
   a - Irradiate                      Conjuration/Transmutation    5
   b - Statue Form                    Transmutation/Earth          6
   c - Hydra Form                     Transmutation                6
   d - Dragon Form                    Transmutation                7
Comestibles
 h - 6 fruits
 l - a meat ration
 m - 3 royal jellies


   Skills:
 + Level 5.2 Fighting
 * Level 10.2(12.3) Polearms
 + Level 5.1 Dodging
 * Level 6.6(8.1) Shields


You had 2 spell levels left.
You knew the following spells:

 Your Spells              Type           Power        Failure   Level  Hunger
a - Statue Form           Tmut/Erth      #........    100%        6    #######


Dungeon Overview and Level Annotations

Branches:
Dungeon (8/15)             Temple (0/1) D:7            Lair (0/6) D:8

Altars:
Ashenzari
Fedhas
Kikubaaqudgha
Makhleb
Nemelex Xobeh
Sif Muna
Trog
Uskayaw
Vehumet
The Shining One


Innate Abilities, Weirdness & Mutations

You cannot wear most types of armour.
You are very stealthy in the water. (Stealth+)
You are amphibious.
You can wear up to eight rings at the same time.
You can use your tentacles to constrict eight enemies at once.
Your skin changes colour to match your surroundings (Stealth+).
Your rubbery body absorbs attacks. (AC +1, EV +1)
You are robust. (+10% HP)


Message History

* * * LOW HITPOINT WARNING * * *
You feel sick.
There is a stone staircase leading down here.
Unknown command.
Unknown command.
Unknown command.
Unknown command.
Unknown command.
Unknown command.
You feel better. The killer bee stings you!
* * * LOW HITPOINT WARNING * * *
The killer bee stings you.
* * * LOW HITPOINT WARNING * * *
The killer bee barely misses you. The killer bee stings you.
* * * LOW HITPOINT WARNING * * *
The killer bee barely misses you. You block the killer bee's attack.
The killer bee stings you.
* * * LOW HITPOINT WARNING * * *
The killer bee barely misses you. The killer bee stings you!
You die...

#...(.....#..............##..
########....#....#######.....
####..####.##.[...........
#........#.####.#.#####...
########....#.............
##...<....#######..
#.........######...
#.yy.#..#..........
##.@###.............
#####.[y##..#.........#.
#.............#.###.....
#.......................
####..........####..#######
#....>.......#####..#......
#######.....................#####
#....^..#............###..###
#.......#..........#..##.##


You could see 3 killer bees.

Vanquished Creatures
  The ghost of Gruesome the Transmogrifier, a novice OpTm (D:7)
  Sigmund (D:4)
  A hungry ghost (D:6)
  A water moccasin (D:4)
  3 sky beasts
  A black bear (D:7)
  2 ice beasts (D:6)
  2 ogres
  2 centaurs
  2 bullfrogs (D:6)
  A wyvern skeleton (D:7)
  4 killer bees
  A crimson imp (D:6)
  5 hounds
  An orc wizard (D:4)
  An orc priest (D:7)
  A centaur skeleton (D:6)
  A gnoll shaman (D:7)
  An iguana (D:4)
  9 worker ants
  2 worker ant zombies
  8 gnolls
  12 adders
  2 oozes
  2 adder skeletons (D:5)
  2 adder zombies
  4 worms
  3 dart slugs
  4 leopard geckos
  18 orcs
  A ball python (D:2)
  9 giant cockroaches
  11 goblins
  6 hobgoblins
  10 jackals
  A quokka (D:5)
  3 bats
  4 frilled lizards
  3 kobolds
  13 rats
159 creatures vanquished.

Notes
Turn   | Place    | Note
-------+----------+-------------------------------------------
     0 | D:1      | codm the Octopode Fighter began the quest for the Orb.
     0 | D:1      | Reached XP level 1. HP: 16/16 MP: 1/1
     2 | D:1      | Found a shattered altar of Ashenzari.
   237 | D:1      | Reached XP level 2. HP: 21/21 MP: 2/2
   658 | D:1      | Became a worshipper of Ashenzari the Shackled
   769 | D:2      | Reached XP level 3. HP: 17/26 MP: 3/3
   963 | D:2      | Found a burning altar of Makhleb.
  1011 | D:2      | Found an ancient bone altar of Kikubaaqudgha.
  1164 | D:2      | Reached skill level 3 in Polearms
  1164 | D:2      | Reached XP level 4. HP: 25/31 MP: 4/4
  1917 | D:3      | Noticed a hand axe
  1919 | D:3      | Noticed a hand axe
  1925 | D:3      | Found a hide-covered altar of Uskayaw.
  2566 | D:3      | Reached * piety under Ashenzari
  2782 | D:3      | Reached XP level 5. HP: 36/36 MP: 5/5
  2823 | D:4      | Reached skill level 4 in Polearms
  2872 | D:4      | Noticed an ogre
  2894 | D:4      | Killed an ogre
  2894 | D:4      | Reached XP level 6. HP: 43/43 MP: 6/6
  2926 | D:4      | Noticed Sigmund
  2934 | D:4      | Killed Sigmund
  2934 | D:4      | Reached skill level 5 in Polearms
  3046 | D:4      | Reached XP level 7. HP: 47/47 MP: 7/7
  3152 | D:4      | Reached skill level 6 in Polearms
  3168 | D:4      | Identified the cursed +0 large shield of Jeokheb {*Slow rElec Regen+ MP+9}
  3192 | D:4      | Found a radiant altar of Vehumet.
  3519 | D:5      | Entered Level 5 of the Dungeon
  3635 | D:5      | Found a glowing golden altar of the Shining One.
  4223 | D:5      | Reached skill level 7 in Polearms
  4223 | D:5      | Reached XP level 8. HP: 44/54 MP: 8/8
  4258 | D:5      | Reached skill level 5 in Shields
  4421 | D:5      | Gained mutation: You are robust. (+10% HP) [mutagenic meat]
  4431 | D:5      | Found a deep blue altar of Sif Muna.
  4443 | D:5      | Reached ** piety under Ashenzari
  4471 | D:5      | Found a blossoming altar of Fedhas.
  5275 | D:6      | Reached skill level 8 in Polearms
  5742 | D:6      | Reached XP level 9. HP: 38/64 MP: 9/9
  5880 | D:6      | Reached skill level 9 in Polearms
  6276 | D:7      | Noticed Gruesome's ghost (novice OpTm)
  6293 | D:8      | HP: 1/64 [something (6)]
  6298 | D:8      | HP: 2/64 [something (6)]
  6318 | D:8      | Noticed a death yak
  6321 | D:8      | Noticed a death yak
  6321 | D:8      | Found a staircase to the Lair.
  6322 | D:8      | Noticed a death yak
  6810 | D:7      | Killed Gruesome's ghost
  6810 | D:7      | Reached skill level 10 in Polearms
  6810 | D:7      | Reached skill level 5 in Dodging
  6821 | D:7      | Reached skill level 5 in Fighting
  6910 | D:7      | Found a staircase to the Ecumenical Temple.
  6936 | D:7      | Learned a level 6 spell: Statue Form
  6992 | D:7      | Found a sparkling altar of Nemelex Xobeh.
  6996 | D:7      | Found a bloodstained altar of Trog.
  7075 | D:6      | Slain by a killer bee

Vault maps used:
D:1:      dpeg_arrival_tiny_a, ashenzari_altar_1
D:2:      kiku_gazebo_pond_becter, lemuel_crystal_altar
D:3:      dancing_weapons_uskayaw
D:4:      overflow_temple_1_default, first_bread, uniq_sigmund
D:5:      nicolae_overflow_crystal_walls, nicolae_tso_carved_into_rock,
          fedhas_altar_4
D:7:      grunt_temple_overflow_open, kennysheep_little_box, temple_fountains
D:8:      dpeg_lair_monsters, the_bakery, minmay_joined_circles, uniq_pikel

Skill      XL: |  1  2  3  4  5  6  7  8  9 |
---------------+----------------------------+-----
Polearms       | 3 4 5 7 8 10 | 10.2
Shields        | 4 5 6 |  6.6
Fighting       | 4 5 |  5.2
Dodging        | 4 5 |  5.1

Action                   |  1- 3 |  4- 6 |  7- 9 || total
-------------------------+-------+-------+-------++-------
Melee: Trident           |    56 |   104 |   322 ||   482
       Constrict         |    12 |    20 |    45 ||    77
       Tentacles         |     7 |     8 |    53 ||    68
Invok: Curse Item        |       |     1 |     2 ||     3
Evoke: Wand              |       |       |     4 ||     4
  Use: Potion            |     1 |     4 |     8 ||    13
       Scroll            |       |     6 |    11 ||    17
 Stab: Sleeping          |    11 |    10 |     8 ||    29
       Distracted        |     1 |       |     2 ||     3
  Eat: Chunk             |       |     3 |     3 ||     6
       Bread ration      |       |     1 |     2 ||     3
       Meat ration       |       |       |     1 ||     1
       Fruit             |       |       |     1 ||     1
Armor: Skin              |     1 |     3 |     6 ||    10
Dodge: Dodged            |     8 |    35 |   114 ||   157
Block: Shield            |     6 |    41 |   136 ||   183
